 Dungeon Crawl Stone Soup version 0.29.1-12-g30fa7ad0bf (webtiles) character file.

Game seed: 15905628998841978951

5736 concernfroge the Covert (level 10, -4/49 HPs)
             Began as a Felid Transmuter on Jan 15, 2023.
             Was a Priest of Wu Jian.
             Slain by a blink frog (13 damage)
             ... on level 1 of the Lair of Beasts.
             The game lasted 01:23:58 (17728 turns).

concernfroge the Covert (Felid Transmuter)         Turns: 17728, Time: 01:23:58

Health: -4/49      AC:  2    Str:  6    XL:     10   Next: 48%
Magic:  16/18      EV: 32    Int: 16    God:    Wu Jian [***...]
Gold:   830        SH:  0    Dex: 26    Spells: 4/19 levels left
                                        Lives:  0   Deaths: 2

rFire   . . .      SeeInvis +     - Unarmed
rCold   . . .      Faith    .   (shield unavailable)
rNeg    . . .      Spirit   .   (body armour unavailable)
rPois   .          Reflect  .   (helmet unavailable)
rElec   .          Harm     .   (cloak unavailable)
rCorr   .          Rampage  .   (gloves unavailable)
Will    +....                   (boots unavailable)
Stlth   +++++.....              (no amulet)
HPRegen 0.16/turn               p - +6 ring of dexterity
MPRegen 0.16/turn               w - +4 ring of evasion

@: on berserk cooldown, slowed, slow
A: very small, claws 1, fangs 3, see invisible, speed 1, shaggy fur 2, stealthy
paws, no weapons or thrown items, no armour, multi-lived
a: Renounce Religion, Wall Jump, Serpent's Lash


You were on level 1 of the Lair of Beasts.
You worshipped Wu Jian.
Wu Jian was most pleased with you.
You visited 3 branches of the dungeon, and saw 13 of its levels.

You collected 830 gold pieces.

Inventory:

Jewellery
 h - a ring of willpower
 p - a +6 ring of dexterity (left paw)
 q - a ring of magical power
 w - a +4 ring of evasion (right paw)
Wands
 f - a wand of mindburst (7)
Scrolls
 a - 2 scrolls of vulnerability {unknown}
 c - 3 scrolls of fog
 k - a scroll of teleportation
 m - a scroll of fear {unknown}
 v - 3 scrolls of brand weapon {unknown}
Potions
 b - a potion of flight {unknown}
 d - 4 potions of curing
 e - a potion of haste
 g - a potion of invisibility
 i - 2 potions of brilliance {unknown}
 l - 2 potions of mutation
 o - a potion of magic {unknown}
 s - a potion of resistance {unknown}
 t - a potion of attraction {unknown}


   Skills:
 + Level 8.9 Fighting
 + Level 10.2 Dodging
 + Level 10.5 Stealth
 + Level 9.1 Unarmed Combat
 - Level 5.0 Spellcasting
 + Level 9.7 Transmutations


You had 4 spell levels left.
You knew the following spells:

 Your Spells              Type           Power      Damage    Failure   Level
a - Beastly Appendage     Tmut           70%        N/A       1%          1
b - Wereblood             Tmut           35%        N/A       1%          2
c - Spider Form           Tmut/Pois      19%        N/A       6%          3
d - Ice Form              Ice/Tmut       19%        N/A       21%         4
e - Blade Hands           Tmut           17%        N/A       8%          5

Your spell library contained the following spells:

 Spells                   Type           Power      Damage    Failure   Level
 Foxfire                  Conj/Fire      16%        2x1d4     16%         1
 Shock                    Conj/Air       16%        1d4       16%         1
 Static Discharge         Conj/Air       4%         3-4/arc   22%         2
 Conjure Flame            Conj/Fire      4%         6-21      41%         3
 Dazzling Flash           Conj/Hex       8%         N/A       41%         3
 Inner Flame              Hex/Fire       4%         N/A       41%         3
 Swiftness                Air            4%         N/A       41%         3
 Tukima's Dance           Hex            4%         N/A       41%         3
 Airstrike                Air            2%         2d(1-17)  83%         4
 Dispel Undead            Necr           4%         3d7       83%         4
 Flame Wave               Conj/Fire      4%         2d5       83%         4
 Sticky Flame             Conj/Fire      4%         2d3       83%         4
 Agony                    Necr           4%         N/A       99%         5
 Silence                  Hex/Air        2%         N/A       99%         5
 Portal Projectile        Hex/Tloc       Unusable   N/A       N/A         3

Dungeon Overview and Level Annotations

Branches:
Dungeon (11/15)            Temple (1/1) D:4            Lair (1/5) D:9
    Orc: D:9-12

Altars:
Ashenzari
Cheibriados
Dithmenos
Elyvilon
Fedhas
Gozag
Kikubaaqudgha
Makhleb
Nemelex Xobeh
Okawaru
Qazlal
Ru
Sif Muna
Trog
Uskayaw
Vehumet
Wu Jian
Xom
Yredelemnul
Zin

Annotations:
D:4 Crazy Yiuf
D:9 2 transporters, Rudyous's ghost, novice MiFi
D:11 1 runed translucent door, exclusion: 4 doors, hawla's ghost, journeyman MeFE


Innate Abilities, Weirdness & Mutations

You have sharp claws.
You have razor-sharp teeth.
You have supernaturally acute eyesight. (SInv)
You cover ground quickly. (Speed+)
You are covered in thick fur. (AC +2)
Your paws help you pounce on unaware monsters.
You are incapable of wielding weapons or throwing items.
You cannot wear armour.
You gain extra lives every three experience levels.


Message History

Your primal bloodlust is almost over.
The blink frog blinks!
The blink frog misses you.
You claw the blink frog!
The blink frog is almost dead.
The blink frog completely misses you.
You closely miss the blink frog.
The blink frog is almost dead.
The blink frog blinks!
The blink frog hits you!
The blink frog blinks!
You barely miss the blink frog. The blink frog misses you.
The blink frog blinks!
You claw the blink frog!
The blink frog is moderately wounded.
The blink frog hits you!
* * * LOW HITPOINT WARNING * * *
The blink frog closely misses you.
You closely miss the blink frog.
The blink frog is moderately wounded.
The blink frog blinks!
The blink frog completely misses you.
A red film seems to cover your vision as you go berserk!
You feel yourself moving faster!
You feel mighty! The blink frog completely misses you.
The blink frog blinks! x2
You claw the blink frog! Your claw misses the blink frog.
The blink frog is heavily wounded.
Your primal bloodlust has ended.
The blink frog barely misses you.
You claw the blink frog! You claw the blink frog.
You kill the blink frog!
The Council accepts your kill.
You lunge at the blink frog.
You mangle the blink frog!!
You kill the blink frog!
The Council accepts your kill.
Found a scroll of amnesia and a robe.
You feel a strong urge to attack something.
You feel your anger nearly subside.
You are no longer berserk.
You are exhausted.
You feel yourself slow down. The blink frog barely misses you.
You closely miss the blink frog.
The blink frog is moderately wounded.
The blink frog barely misses you. The blink frog hits you!
You die...

......#.#
#.....#.###.##..#
#...............#
......[.?........#
.................#
.................#
.................#
.........F.......#
........@###.§##.#
###.....###.###.#
#...†.###..#.#.#
##.............#
#..†...#†..P#P.#
##....†....###.#
##....####.# #.#
#.....####.# #.#
#.....#.#..###†#


You could see a blink frog.

Vanquished Creatures
  A torpor snail (Lair:1)
  4 molten gargoyles (D:10)
  A komodo dragon (D:9)
  2 kobold demonologists (D:10)
  3 trolls
  4 blink frogs (Lair:1)
  2 dream sheep (Lair:1)
  A wraith (D:11)
  A wyvern (D:9)
  26 yaks
  A steam dragon (D:9)
  An acid dragon (D:9)
  2 water moccasins
  A sky beast (D:7)
  3 orc warriors
  2 black bears (D:4)
  3 wolves (Lair:1)
  3 ogres
  4 centaurs
  An elf zombie (D:4)
  3 kobold brigands
  A bullfrog (Lair:1)
  A necrophage (D:7)
  A gnoll sergeant (D:8)
  4 elf skeletons (D:4)
  2 scorpions (D:5)
  3 wights (D:8)
  6 killer bees (D:10)
  2 howler monkeys
  5 electric eels
  A lava snake (D:10)
  3 jellies
  6 hounds
  6 orc priests
  3 gnoll boudas (D:9)
  A human skeleton (D:4)
  An iguana (D:4)
  13 orc wizards
  10 gnolls
  4 adders
  A white imp (D:6)
  A worm (D:2)
  3 dart slugs
  42 orcs
  3 endoplasms
  4 giant cockroaches
  8 goblins
  14 hobgoblins
  13 jackals
  6 quokkas
  11 ball pythons
  4 bats
  2 frilled lizards
  12 kobolds
  5 rats
271 creatures vanquished.

Vanquished Creatures (collateral kills)
  A yak (D:8)
  Duvessa (D:4)
  An orc warrior (D:8)
  Dowan (D:4)
  A gnoll (D:8)
  2 orcs (D:8)
7 creatures vanquished.

Vanquished Creatures (others)
  A yak (D:8)
  A kobold brigand (D:9)
  4 fungi
  118 plants
124 creatures vanquished.

Grand Total: 402 creatures vanquished

Notes
Turn   | Place    | Note
-------+----------+-------------------------------------------
     0 | D:1      | concernfroge the Felid Transmuter began the quest for the
                  | Orb.
     0 | D:1      | Reached XP level 1. HP: 9/9 MP: 4/4
    94 | D:1      | Reached skill level 1 in Stealth
    94 | D:1      | Reached XP level 2. HP: 12/12 MP: 4/6
   836 | D:1      | Reached XP level 3. HP: 15/16 MP: 4/7
  1278 | D:1      | Found a faded altar of an unknown god.
  2591 | D:3      | Reached XP level 4. HP: 10/19 MP: 6/8
  3951 | D:4      | Noticed a black bear
  4024 | D:4      | Noticed a scorpion
  4037 | D:5      | Entered Level 5 of the Dungeon
  4045 | D:5      | Killed a scorpion
  4046 | D:5      | Reached XP level 5. HP: 14/23 MP: 7/9
  4387 | D:7      | Noticed a centaur
  4730 | D:4      | Noticed a black bear
  4868 | D:4      | Gained mutation: You are covered in thick fur. (AC +2)
                  | [Felid growth]
  4868 | D:4      | Reached XP level 6. HP: 14/27 MP: 8/10
  5114 | D:5      | Learned a level 2 spell: Wereblood
  5118 | D:5      | Learned a level 3 spell: Spider Form
  5122 | D:4      | Found a staircase to the Ecumenical Temple.
  5126 | Temple   | Entered the Ecumenical Temple
  5173 | Temple   | Became a worshipper of the Wu Jian Council
  5565 | D:5      | HP: 2/42 [poisoned by a scorpion]
  5868 | D:5      | Found an opulent altar of Gozag.
  5871 | D:5      | Found a shimmering blue altar of Sif Muna.
  5872 | D:5      | Found a broken altar of Ashenzari.
  5872 | D:5      | Found a blossoming altar of Fedhas.
  5873 | D:5      | Found a bloodstained altar of Trog.
  5938 | D:5      | Found a shadowy altar of Dithmenos.
  6188 | D:4      | Noticed Duvessa
  6211 | D:4      | Reached skill level 5 in Dodging
  6486 | D:4      | Reached XP level 7. HP: 25/31 MP: 11/11
  6717 | D:4      | Reached skill level 5 in Stealth
  6946 | D:4      | Reached skill level 5 in Unarmed Combat
  7039 | D:4      | Noticed Dowan
  7121 | D:4      | Found a runed translucent door.
  7122 | D:4      | Noticed Crazy Yiuf
  7324 | D:5      | Reached skill level 5 in Transmutations
  7329 | D:5      | Learned a level 4 spell: Ice Form
  7566 | D:4      | Reached XP level 8. HP: 10/36 MP: 10/13
  8729 | D:4      | Killed Duvessa
  8732 | D:4      | Killed Dowan
  9391 | D:6      | Reached skill level 5 in Fighting
 10822 | D:7      | Reached XP level 9. HP: 40/40 MP: 16/16
 11050 | D:8      | Found a radiant altar of Vehumet.
 11416 | D:8      | Reached * piety under Wu Jian
 11867 | D:8      | HP: 1/42 [electric eel/bolt of electricity (11)]
 12804 | D:9      | Noticed a troll
 12808 | D:9      | Killed a troll
 12821 | D:9      | Found a glowing silver altar of Zin.
 12822 | D:9      | Noticed an angel
 13301 | D:9      | Reached XP level 10. HP: 40/46 MP: 17/17
 13315 | D:10     | Entered Level 10 of the Dungeon
 13453 | D:10     | Noticed a sixfirhy
 13457 | D:10     | Noticed a sun demon
 13457 | D:10     | Noticed an orange demon
 13515 | D:10     | Reached ** piety under Wu Jian
 13599 | D:10     | HP: 2/47 [yak (16)]
 13643 | D:10     | Noticed a molten gargoyle
 13847 | D:9      | Found a transporter.
 14378 | D:8      | Learned a level 5 spell: Blade Hands
 14818 | D:9      | Noticed Rudyous's ghost (novice MiFi)
 15175 | D:9      | Noticed a two-headed ogre
 15299 | D:9      | Found a staircase to the Lair.
 15328 | D:9      | Found a transporter.
 15330 | D:9      | Identified the +3 ring mail of Assuink {rN++ Int+3}
 16054 | D:9      | Reached XP level 11. HP: 21/51 MP: 10/18
 16339 | D:10     | Killed from afar by a molten gargoyle
 16340 | D:10     | Reached XP level 10. HP: -11/48 MP: 6/17
 16397 | D:10     | Killed a molten gargoyle
 16400 | D:10     | Killed a molten gargoyle
 16752 | D:10     | Found a sacrificial altar of Ru.
 17163 | D:11     | Noticed a manticore
 17164 | D:11     | Noticed a deep elf pyromancer
 17202 | D:11     | Reached skill level 10 in Stealth
 17228 | D:11     | Noticed a five-headed hydra
 17232 | D:11     | Noticed a red ugly thing
 17236 | D:11     | Noticed a two-headed ogre
 17299 | D:11     | Noticed a death yak
 17316 | D:11     | Slain by a troll
 17317 | D:11     | Reached XP level 9. HP: -1/45 MP: 6/16
 17340 | D:11     | Found a runed translucent door.
 17342 | D:11     | Noticed a spriggan rider
 17343 | D:11     | Noticed hawla's ghost (journeyman MeFE)
 17343 | D:11     | Identified the +8 trident "Wyoreps" {protect, rPois rC+
                  | Will+}
 17448 | Lair:1   | Entered Level 1 of the Lair of Beasts
 17513 | Lair:1   | Noticed a torpor snail
 17519 | Lair:1   | Killed a torpor snail
 17520 | Lair:1   | Reached XP level 10. HP: 49/49 MP: 14/18
 17554 | Lair:1   | Reached skill level 10 in Dodging
 17699 | Lair:1   | Reached *** piety under Wu Jian
 17709 | Lair:1   | Reached skill level 5 in Spellcasting
 17728 | Lair:1   | Slain by a blink frog

Illustrated notes

Levels and vault maps discovered:
D:1:      evilmike_arrival_home_sweet_home, layout_basic,
          shapermc_ecumenical_altar_petra
D:2:      layout_basic, eino_tiny_chamber, kennysheep_potato
D:3:      layout_basic, minmay_misc_feat_alley, kennysheep_generic_room_6
D:4:      layout_cave_pools, tso_oasis_becter, minmay_temple_entry_from_below_a,
          nicolae_ossuary_entry_catacombs, corexii_checkpoint_a, minmay_cupped,
          uniq_duvessa, uniq_crazy_yiuf_cottage
D:5:      layout_basic, beargit_hepliaklqana_dungeon_heroes,
          mainiacjoe_overflow_concentric_impassable, minitemple, minivault_14
D:6:      layout_basic
D:7:      layout_basic, kennysheep_donut, hangedman_decor_lopped
D:8:      layout_rooms, mainiacjoe_overflow_boulevard, serial_bayou_lagoon_a,
          minmay_misc_feat_doors
D:9:      kennysheep_housing_project, layout_gridville, zin_angel,
          david_lair_shrubbed, nzn_ghost_randoct, serial_bayou,
          serial_bayou_pond_a, serial_bayou_pond_e, serial_bayou_pond_c,
          serial_bayou_pond_b
D:10:     layout_basic, mainiacjoe_overflow_cross_hatched, minivault_8
D:11:     argonaut_augean_stables, layout_cave_pools,
          ebering_ghost_funeral_grove, gauntlet_entry_generic,
          nicolae_ru_awakened_eye
Temple:   hellmonk_temple_of_storms
Lair:1:   layout_regular_city, gammafunk_lair_bear_cave, grunt_megastairs_5

Skill      XL: |  1  2  3  4  5  6  7  8  9 10 11 |
---------------+----------------------------------+-----
Dodging        | 3 4 5 6 8 10 | 10.2
Stealth        | 1 2 3 4 5 6 8 10 | 10.5
Fighting       | 2 3 4 5 6 8 |  8.9
Transmutations | 3 5 7 8 9 |  9.7
Unarmed Combat | 4 5 7 9 |  9.1
Spellcasting   | 3 4 5 |  5.0

Action                   |  1- 3 |  4- 6 |  7- 9 | 10-12 || total
-------------------------+-------+-------+-------+-------++-------
Melee: Unarmed           |   137 |   150 |   351 |   363 ||  1001
       Headbutt          |    14 |    24 |    67 |    53 ||   158
       Punch             |     5 |     2 |     9 |    29 ||    45
       Bite              |    14 |    14 |    40 |    52 ||   120
 Cast: Beastly Appendage |    25 |    25 |    34 |    13 ||    97
       Wereblood         |       |     2 |    11 |    25 ||    38
       Blade Hands       |       |       |     3 |    18 ||    21
       Spider Form       |       |       |       |     1 ||     1
Invok: Lunge             |       |     4 |    17 |    14 ||    35
       Whirlwind         |       |       |     1 |    20 ||    21
Evoke: Wand              |       |       |     2 |       ||     2
  Use: Scroll            |       |    12 |     7 |     5 ||    24
       Potion            |       |     2 |     6 |     5 ||    13
 Stab: Sleeping          |     2 |     9 |    11 |     1 ||    23
       Invisible         |       |       |     1 |     4 ||     5
       Distracted        |       |       |       |     1 ||     1
Armor: Skin              |     6 |    10 |    16 |     8 ||    40
Dodge: Dodged            |    91 |   133 |   263 |   408 ||   895
